← All builds
Geo / Armada / Economy first / OBSERVED BUILD

Sharpshooter snipers

Armada Geo build order · Supreme Isthmus

Geo takes an Advanced Bot Lab and fields T2 Sharpshooter snipers from 8:17, slightly ahead of the role's usual T2 unit timing, before moving into its normal T2 supply role.

Usually blows up the commander for T2 (68%)

#t2 · 39 distinct matches · 25 players · 1% of Armada Geo games · team won 40% of 40 · Recently observed

THE CATCH, AND WHAT COMES WITH IT
  • SharpshooterT2 bot snipers from 8:41 · 3% of role by thenFrom the Advanced Bot Lab. Only 3% of Geo games have it by then; others who build it get it around 9:32
  • Advanced Bot LabAdvanced Bot Lab in 100%7% of all Geo games by then
  • SmugglerJammer bot in 90%3% of all Geo games by then
  • SharpshooterSniper bot in 45%3% of all Geo games by then
  • SprinterSprinter in 43%5% of all Geo games by then

Where those units first fight, in 40 games with kill data: in the middle 88%, on their own side 13%.

Those units destroy a typical 4,452 metal of enemy units by 15:00.

Then transitions into Welder (11% of army).

HOW TO PLAY IT

Key timing: Advanced Bot Lab by 6:51

  1. Open mex and wind into geo, standard Geo eco start.
  2. Rush Advanced Bot Lab straight off geothermal power.
  3. Pump Sharpshooter sniper bots to hold the middle.
  4. Add jammer bot support behind the snipers for cover.
  5. Shift build power to T2 cons and supply allies as usual.

Phase by phase

TYPICAL OF ITS 39 GAMES · AGAINST STANDARD GEO
  1. 1
  2. 2
  3. 3
  4. 4
  5. 5
PLAY THE OPENING

Follow the example game's first 9:41 step by step: what to build now, what comes next, and where it goes. At 1× it keeps pace with your own game.

  1. 1

    Up to the Bot Lab

    Economy
    • Metal Extractor3Mex
    • Wind Turbine4Wind
    Order
    1. Bot LabBot Lab after 3 mex, 4 winddone ~1:12, middle half 0:59–1:22

    By 0:55 in all: 3 mex · 4 wind

    The example game in this phase · 5 steps
    1. Mex ×2
    2. Wind
    3. Mex
    4. Wind ×4
    5. Bot LabBot Labdone 1:25 · typical 1:12
  2. 2

    Bot Lab to 5:00

    Economy
    • Metal Extractor2Mex
    • Wind Turbine4Wind
    • Energy Converter7Converter
    • Energy Storage1Energy storage
    Order
    1. Geothermal PowerplantGeo after 4 mex, 6 wind
    2. Bot LabEat Bot Lab
    Builders
    • Construction Turret5 Con turret
    • Lazarus4 Lazarus
    • Construction Bot2 Con bot
    • Lazarus1 Lazarus for allies
    • Construction Bot1 Con bot for allies

    By 5:00 in all: 4 mex · 7 wind · 1 geo · 7 converter · 1 energy storage · 5 con turret

    The example game in this phase · 18 steps
    1. LazarusLazarus
    2. Wind
    3. LazarusLazarus ×2
    4. Construction BotCon botfor Beach sea
    5. LazarusLazarus
    6. Construction BotCon bot
    7. LazarusLazarus
    8. Construction BotCon botfor Pond
    9. Mex
    10. Geothermal PowerplantGeodone 3:37 · typical 3:28
    11. Energy storage
    12. Bot LabEat Bot Labreclaimed for its metal
    13. Con turret ×4
    14. Converter
    15. Con turret
    16. Converter ×4
    17. Con turret
    18. Converter ×2
  3. 3

    5:00 to Advanced Bot Lab

    Order
    1. Advanced Geothermal PowerplantAdvanced Geothermal Powerplant after 11 wind, 9 converter, 6 con turretin 55% of games
    2. Advanced Bot LabAdvanced Bot Lab after 11 wind, 9 converter, 6 con turretdone ~7:43, middle half 5:32–8:13

    Some games also: con turret (45%) · converter (43%) · wind (40%)

    By 6:58 in all: 4 mex · 11 wind · 1 geo · 1 Advanced Geothermal Powerplant · 9 converter · 1 energy storage

    The example game in this phase · 13 steps
    1. Advanced Metal ExtractorT2 mexdone 5:36 · typical 5:41
    2. Converter
    3. Wind
    4. Advanced Metal ExtractorT2 mex
    5. Wind ×6
    6. Advanced Metal ExtractorT2 mex
    7. Wind ×3
    8. Advanced Geothermal PowerplantAdvanced Geothermal Powerplantdone 7:06 · typical 7:25
    9. Wind ×2
    10. Advanced Metal ExtractorT2 mex
    11. Wind ×2
    12. Converter ×6
    13. Advanced Bot LabAdvanced Bot Labdone 8:01 · typical 7:43
  4. 4

    Advanced Bot Lab to T2 bot snipers

    Order
    1. SharpshooterT2 bot snipers after 16 wind, 12 converter, 6 con turretdone ~8:53, middle half 7:54–9:40

    Some games also: converter (48%) · T2 con bot for allies (43%) · wind (35%) · Butler (30%) · radar bot (30%)

    By 8:36 in all: 4 mex · 16 wind (standard 12) · 1 geo · 1 Advanced Geothermal Powerplant · 12 converter · 1 energy storage

    The example game in this phase · 13 steps
    1. Converter ×5
    2. Advanced Construction BotT2 con bot ×2for Beach sea
    3. BeamerBeamer
    4. Advanced Construction BotT2 con botfor Suicide front
    5. BeamerBeamer
    6. ButlerButler ×5
    7. Wind
    8. ButlerButler
    9. Advanced Construction BotT2 con bot
    10. Wind ×2
    11. Converter
    12. Wind ×4
    13. SharpshooterSniper botdone 9:40 · typical 8:53
  5. 5

    T2 bot snipers to 15:00

    Economy
    • Wind Turbine68Wind+48 vs standard
    • Energy Converter14Converter+11 vs standard
    Builders
    • Construction Turret3 Con turret +2 vs standard
    • Butler3 Butler +3 vs standard
    • Advanced Construction Bot1 T2 con bot
    Army
    • Sharpshooter5 Sniper bot +5 vs standard
    • Smuggler1 Jammer bot
    • Compass1 Radar bot

    Some games also: T2 con bot for allies (50%) · fusion (40%) · Welder (38%) · eat Advanced Bot Lab (35%)

    The standard build makes here, this one skips: 7 Jaguar · 4 Starlight

    By 15:00 in all: 4 mex · 82 wind (standard 36) · 1 geo · 1 Advanced Geothermal Powerplant · 27 converter (standard 19) · 1 energy storage

    The example game in this phase · 129 steps
    1. Wind
    2. Converter
    3. Wind
    4. ArbalestArbalest
    5. Wind ×2
    6. Converter
    7. Radar TowerRadar Tower
    8. Wind ×2
    9. SharpshooterSniper bot
    10. Wind ×2
    11. Converter
    12. Wind ×3
    13. SharpshooterSniper bot
    14. Converter
    15. Wind ×4
    16. Converter
    17. Wind ×3
    18. Converter
    19. Wind ×2
    20. SharpshooterSniper bot
    21. Wind ×2
    22. Converter
    23. Wind ×3
    24. Converter
    25. ArbalestArbalest
    26. Wind
    27. SmugglerJammer bot
    28. Wind ×3
    29. CompassRadar bot
    30. Wind
    31. Converter ×2
    32. Advanced Construction BotT2 con botfor Geo sea
    33. Wind ×2
    34. Converter
    35. Wind ×2
    36. Converter
    37. Wind
    38. Converter ×2
    39. Wind ×3
    40. Converter
    41. Advanced Construction BotT2 con bot
    42. ButlerButler
    43. Wind
    44. ButlerButler
    45. Wind
    46. Converter
    47. ButlerButler
    48. Wind
    49. SharpshooterSniper bot
    50. Wind
    51. Converter
    52. Wind ×4
    53. SharpshooterSniper bot
    54. Converter
    55. Wind ×5
    56. Converter
    57. Wind
    58. SharpshooterSniper bot
    59. Wind ×2
    60. TracerTracer
    61. Converter
    62. Wind ×2
    63. Con turret
    64. Wind ×2
    65. Converter
    66. Wind ×3
    67. Converter
    68. Wind ×2
    69. Con turret
    70. Wind ×2
    71. Converter
    72. Wind ×4
    73. WelderWelder
    74. Converter
    75. Wind ×2
    76. Converter
    77. WelderWelder
    78. Wind ×2
    79. Converter
    80. Wind
    81. Converter
    82. Wind ×2
    83. Converter
    84. Wind ×2
    85. Converter
    86. Wind
    87. PlatypusPlatypus
    88. RecluseReclusenot finished by 15:00
    89. UmbrellaAnti-nukedone 13:46
    90. Wind
    91. Converter
    92. Wind
    93. Fusion ReactorFusiondone 14:16
    94. Wind ×2
    95. Converter
    96. Wind ×4
    97. Converter
    98. Wind
    99. PlatypusPlatypus
    100. Wind ×2
    101. Converter
    102. Wind
    103. PlatypusPlatypus
    104. Wind ×2
    105. PlatypusPlatypus
    106. Converter
    107. Wind ×2
    108. PlatypusPlatypus
    109. Wind ×2
    110. Converter
    111. Wind
    112. PlatypusPlatypus
    113. Wind ×3
    114. Converter
    115. PlatypusPlatypus
    116. Wind ×3
    117. PlatypusPlatypus
    118. Fusion ReactorFusion
    119. Wind ×2
    120. Converter
    121. PlatypusPlatypus
    122. Wind ×2
    123. Converter
    124. Wind
    125. PlatypusPlatypus
    126. Wind ×3
    127. Converter
    128. PlatypusPlatypus
    129. Wind

Counts are medians over the build's games: half of them build more, half fewer. The example game is [NWP]Bertus9912's (32 OS, 11/10/2026); pick another.

Team trades

IN AT LEAST 30% OF ITS GAMES

You hand over

  • Lazarus1 Lazarus to Beach sea or Suicide frontfirst at 2:16 · in 75% of games
  • Construction Bot1 Con bot to Beach seafirst at 2:33 · in 83% of games
  • Advanced Construction Bot1 T2 con bot to Suicide front or Frontfirst at 8:43 · in 80% of games

You get

  • Hercules1 Light transport from Airfirst at 3:11 · in 40% of games
  • Advanced Construction Bot1 T2 con bot from Techfirst at 4:46 · in 73% of games

How it plays out

Typical game of this build against the role’s standard build, running totals by minute

  • This build
  • Standard geo

Metal produced

020k40k
0:005:0010:0015:00

metal

Enemy metal destroyed

05k10k15k
0:005:0010:0015:00

metal

Own metal lost

02k4k6k
0:005:0010:0015:00

metal

40 games.

Show as table
ByMetal produced: This buildMetal produced: Standard geoEnemy metal destroyed: This buildEnemy metal destroyed: Standard geoOwn metal lost: This buildOwn metal lost: Standard geo
1:003413330000
2:008668590000
3:00156015270000
4:00273926700000
5:00376536940000
6:00575856380000
7:0075568026210690
8:0010659113462601890
9:0013460144061084321484
10:001617217280843472257198
11:00193822012512011745529520
12:0022116229952736361813781605
13:0025408257354636583719312970
14:0028443285896052823930164432
15:00322653136069831017238755586
WHAT THE NUMBERS SAY

Team won less than the standard build despite the snipers' kills, and killed less enemy metal by 15:00 than standard.

  • + Reaches T2 bot lab far earlier than 86% norm of role
  • + Fields T2 bot support (jammer) when almost no one else does by 8:52
  • − Team win rate 35% vs 54% for standard build
  • − Metal produced trails standard by 10:00 (15895 vs 17434)
THE EXAMPLE YOU ARE READING

[NWP]Bertus9912

31.9 OS · 11/10/2026

Open source match ↗

1 received units · includes a constructor
1306 metal received · 367019 energy received

Allied construction assistance is unknown. Timings are observations, not a promise of solo reproducibility.

Typical milestones

Bot Lab1:12Middle 50%: 0:59–1:22 · n=40
Geothermal Powerplant3:28Middle 50%: 3:16–3:44 · n=38
Advanced Metal Extractor5:41Middle 50%: 5:27–6:06 · n=40
Advanced Geothermal Powerplant7:25Middle 50%: 7:02–8:25 · n=31
Advanced Bot Lab7:43Middle 50%: 5:32–8:13 · n=40
Sharpshooter8:53Middle 50%: 7:54–9:40 · n=40

Played most by

[NWP]Bertus99127games of this build[Crd]Mind_The_Gap5games of this buildImmort4games of this buildhaaven3games of this build_Trixtreous_1game of this build